[Event "Late-Titled-Tuesday-Blitz-July-09-2024"]
[Site "Chess.com"]
[Date "2024.07.09"]
[Round "11"]
[White "ExchangeAB"]
[Black "Oleg_Papayan"]
[Result "0-1"]
[WhiteElo "2477"]
[BlackElo "2600"]
[TimeControl "180+1"]
[EndTime "16:05:58 PDT"]
[Termination "Oleg_Papayan won by resignation"]

1. d4 d5 2. Nf3 Nf6 3. Bf4 c5 4.
e3 Nc6 5. Nbd2 Qb6 6. dxc5 Qxb2 7. Rb1 Qc3 8. Bb5 g6 9. O-O Bg7 10. Nd4 Bd7 11. N2b3 O-O 12. Bxc6 Bxc6 13. Be5 Qc4 14. Qd3 Ne4 15. Bxg7 Kxg7 16. Qxc4 dxc4 17. Na5 Nd2 18. Naxc6 bxc6 19. Rb7 Nxf1 20. Kxf1 Kf6 21. Nxc6 Rfc8 22.
Nxe7 Rxc5 23. e4 c3 24. f4 Re8 25. Nd5+ Kg7 26. Nb4 Rxe4 27. Nd3 Ra5 28. Rc7 Rxa2 29.
Rxc3 Ra1+ 30. Kf2 Ra6 31. Kf3 Re7 32. Ne5 Rb7 33. Rc8 Re6 34. c4 f6 35. Nd3 Ree7 36.
Nc5 Rb4 37. Nd3 Rb3 38. Rd8 Rc3 39. c5 Rc7 40. Rd4 R7xc5 41. Ke3 Rc7 42. Kd2 Rc2+ 43. Ke3 a5 44. Ra4 R2c3 45. Re4 Rd7 46. Rd4 Rxd4 47.
Kxd4 Rc7 48. Nc5 Rc8 49. Ne6+ Kf7 50. f5 gxf5 51. Nf4 Rd8+ 52. Nd5 Rxd5+ 53. Kxd5 a4 54. Kc4 Ke6 55. Kb4 Ke5 56. Kxa4 Ke4 57. Kb5 Ke3 58. Kc5 Kf2 59. g4 fxg4 0-1

[Event "Late-Titled-Tuesday-Blitz-July-09-2024"]
[Site "Chess.com"]
[Date "2024.07.09"]
[Round "11"]
[White "Navyblue1"]
[Black "schondeln"]
[Result "0-1"]
[WhiteElo "2134"]
[BlackElo "2343"]
[TimeControl "180+1"]
[EndTime "16:05:58 PDT"]
[Termination "schondeln won by resignation"]

1. d4 d5 2. c4 c6 3. e3 Nf6 4. Nc3 a6 5. cxd5 cxd5 6. Nf3 Nc6 7. Be2 Bg4 8. O-O e6 9. Bd2 Bd6 10. h3 Bh5 11. Rc1 O-O 12. Na4 Ne4 13. Be1 Qe7 14.
Nd2 Nxd2 15. Bxd2 Bxe2 16. Qxe2 Rad8 17. Nc5 Bxc5 18. Rxc5 e5 19. Qd3 exd4 20. exd4 Qe4 21.
Qxe4 dxe4 22. d5 Ne5 23. Be3 Nd3 24. Rc7 b5 25. Bc5 Rfe8 26. d6 Nxc5 27. Rxc5 Rxd6 28. Rfc1 g6 29. Rc6 Ree6 30. R6c2 Kg7 31. Re2 f5 32. Rce1 Kf6 33. Kf1 h5 34. g3 Rd3 35.
h4 Red6 36. Rc2 Rd2 37. Re2 Rd1+ 38. Kg2 R1d3 39. a3 Ke5 40. Rc5+ R3d5 41. Rc8 Kd4 42.
Rd2+ Ke5 43. Re8+ Re6 44. Rxd5+ Kxd5 45. Rc8 Kd4 46. Rd8+ Kc4 47. Rd2 Kb3 48. Re2 Rc6 49. f3 Rc2 50. Rxc2 Kxc2 51. fxe4 fxe4 52. Kf2 Kxb2 53.
Ke3 Kxa3 54. Kxe4 b4 55. Kf4 b3 56. Kg5 b2 57. Kxg6 b1=Q+ 58. Kxh5 Qh7+ 59. Kg4 Kb2 60. h5 a5 61. Kh4 a4 62. g4 a3 63.
g5 a2 64. g6 Qe7+ 65. Kg4 a1=Q 0-1

[Event "Late-Titled-Tuesday-Blitz-July-09-2024"]
[Site "Chess.com"]
[Date "2024.07.09"]
[Round "11"]
[White "FabianoCaruana"]
[Black "Hikaru"]
[Result "0-1"]
[WhiteElo "3173"]
[BlackElo "3236"]
[TimeControl "180+1"]
[EndTime "16:06:03 PDT"]
[Termination "Hikaru won by resignation"]

1. c4 e6 2. Nc3 d5 3. d4 Be7 4. cxd5 exd5 5. Bf4 c6 6. e3 Bf5 7. Nge2 Nd7 8. Ng3 Bg6 9. h4 h5 10. Bd3 Bxd3 11. Qxd3 g6 12. e4 Ngf6 13. e5 Ng4 14. f3 Nh6 15. e6 Nb6 16. Be5 Bf6 17. exf7+ Kxf7 18. f4 Qd7 19. O-O-O Nf5 20. Nf1 Nc4 21. Nd2 Nxd2 22. Rxd2 Rae8 23. g3 Rhf8 24. Re2 Ng7 25.
Rhe1 Bxe5 26. Rxe5 Rxe5 27. Rxe5 Re8 28. Nd1 Nf5 29.
Nf2 Nd6 30. g4 Nc4 31. Rxe8 Qxe8 32. gxh5 gxh5 33. Qh7+ Kf6 34. Qh6+ Qg6 35. Qg5+ Qxg5 36. fxg5+ Kf5 37. Nd3 Ne3 38. Ne5 Ng2 39. Nf3 Nf4 40.
Kd2 Ne6 41. Ke3 b6 42. b4 Kg4 43. a3 Kf5 44. Ne5 c5 45. bxc5 bxc5 46. Nd7 cxd4+ 47. Kd3 Kg4 48. g6 Kxh4 49. Nc5 Ng7 50. Kxd4 Kg5 51. Kxd5 h4 52. Ne4+ Kxg6 53. Nf2 Kf5 54. Kc6 Kf4 55.
Kb7 Kf3 56. Nh3 Ne6 57. Kxa7 Kg2 58. Kb6 Kxh3 59. a4 Kg4 60. a5 h3 61. a6 h2 0-1

[Event "Late-Titled-Tuesday-Blitz-July-09-2024"]
[Site "Chess.com"]
[Date "2024.07.09"]
[Round "11"]
[White "Goryachkina"]
[Black "Itay121"]
[Result "1-0"]
[WhiteElo "2707"]
[BlackElo "2536"]
[TimeControl "180+1"]
[EndTime "16:06:03 PDT"]
[Termination "Goryachkina won by checkmate"]

1. e4 e5 2. Nf3 d5 3. d4 dxe4 4.
Nxe5 Nd7 5. Bf4 Nxe5 6. Bxe5 Bd6 7. Bxg7 e3 8. fxe3 Qh4+ 9. Kd2 Nf6 10. Bxh8 Ne4+ 11.
Kc1 Bg4 12. Bb5+ c6 13. Be2 Nf2 14. Qe1 Bxe2 15. Nc3 Bh5 16. Rf1 O-O-O 17. Qxf2 Qxf2 18. Rxf2 Rxh8 19. Kd2 Bxh2 20. g4 Bg3 21. Rg2 Bxg4 22.
Rxg3 h5 23. Rh1 f5 24. Ne2 Re8 25. Nf4 Rh8 26. Rh4 Kd7 27. e4 Re8 28. exf5 Re4 29.
Rgxg4 hxg4 30. Rxg4 Rxd4+ 31. Nd3 Rd5 32. Rg6 Rxf5 33.
Rg7+ Kc8 34. c4 Rh5 35. Kc3 Kb8 36. b4 a5 37. a3 axb4+ 38. axb4 Ka7 39. Nc5 Ka8 40.
Nxb7 Rh3+ 41. Kb2 Rh4 42. Kb3 Rf4 43. Na5 Rh4 44. Rg8+ Ka7 45. Nxc6+ Kb6 46. Na5 Rh3+ 47. Ka4 Ka6 48. Rg6+ Ka7 49. Rg7+ Ka6 50. b5+ Kb6 51. Rb7+ Kc5 52. Rc7+ Kb6 53. Rc6+ Ka7 54. Kb4 Rg3 55. Rd6 Rg5 56. Rd7+ Ka8 57. Rd8+ Ka7 58. Nc6+ Kb7 59. Rd5 Rg3 60. Kc5 Rg1 61. Rd7+ Kc8 62.
Rd5 Kc7 63. Nd4 Rh1 64. b6+ Kb7 65. Rd7+ Ka8 66. b7+ Ka7 67. Nc6+ Ka6 68. Nd8 Rh5+ 69. Rd5 Rh6 70. Rd6+ Rxd6 71. Kxd6 Ka7 72. Kc7 Ka6 73. b8=Q Ka5 74. Qb5# 1-0

[Event "Late-Titled-Tuesday-Blitz-July-09-2024"]
[Site "Chess.com"]
[Date "2024.07.09"]
[Round "11"]
[White "pirulillo"]
[Black "GulamaliRises"]
[Result "0-1"]
[WhiteElo "2442"]
[BlackElo "2641"]
[TimeControl "180+1"]
[EndTime "16:06:09 PDT"]
[Termination "GulamaliRises won on time"]

1. e4 d6 2. d4 Nf6 3. Nc3 g6 4.
f4 Bg7 5. a3 O-O 6. Nf3 Nc6 7. e5 dxe5 8. fxe5 Nd5 9. Bd3 Bg4 10.
Be4 Nb6 11. Bxc6 bxc6 12. O-O c5 13. dxc5 Qxd1 14. Rxd1 Nc4 15. Rd4 Be6 16. Re4 Rfd8 17. b3 Na5 18. Bf4 h6 19. h3 g5 20. Bg3 Rd7 21. Nd4 Rad8 22. Nxe6 fxe6 23. Re2 h5 24.
Rae1 Kh7 25. b4 Nc6 26. Ne4 Kg6 27. c3 a6 28. h4 g4 29. Nf2 Na7 30. a4 Bh6 31.
Ne4 Rd3 32. Kh2 c6 33. Rf1 a5 34. Bf4 axb4 35. Ref2 Bxf4+ 36. Rxf4 bxc3 37. Ng5 c2 38. Rf7 Rd1 39. R1f2 c1=Q 40. Nxe6 Rh1+ 41. Kg3 Rd3+ 42.
R7f3 gxf3 43. Nf4+ Kg7 44. Nxd3 Qh6 45. Rxf3 Qg6+ 46.
Kf2 Qe4 47. Nf4 Qd4+ 48. Kg3 Qxe5 49. Kf2 Kh7 50. Nh3 Qxc5+ 51. Kg3 Rxh3+ 52. Kxh3 Nc8 53. Rf7+ Kg6 54. Rf8 Nd6 55. Rg8+ Kf7 56. Rg5 Qc3+ 57. Kh2 Ne4 58. Rxh5 Qg3+ 59. Kg1 Kg6 60. Ra5 Qe1+ 61.
Kh2 Qxa5 0-1

[Event "Late-Titled-Tuesday-Blitz-July-09-2024"]
[Site "Chess.com"]
[Date "2024.07.09"]
[Round "11"]
[White "ural58"]
[Black "TC2304"]
[Result "1/2-1/2"]
[WhiteElo "2450"]
[BlackElo "2352"]
[TimeControl "180+1"]
[EndTime "16:06:21 PDT"]
[Termination "Game drawn - insufficient material"]

1. e4 e6 2. d4 d5 3. Nc3 dxe4 4. Nxe4 Bd7 5. Bd3 Bc6 6. Nf3 Nd7 7. O-O Ngf6 8. Ng3 Bd6 9. Re1 O-O 10. c3 Re8 11. Qc2 Bxf3 12. gxf3 c5 13. Ne4 Be7 14. Be3 Rc8 15. Rad1 Nxe4 16. fxe4 cxd4 17. Bxd4 e5 18. Bxa7 Ra8 19. Bb5 Rxa7 20. Rxd7 Qb6 21. a4 Qf6 22. Re3 Bc5 23. Rd5 Bxe3 24. Bxe8 Qg5+ 25. Kf1 Bf4 26. Qd3 Ra8 27. Bb5 Qh4 28. h3 h5 29. Bc4 Rxa4 30.
Rd7 Ra1+ 31. Ke2 Kh7 32. Rxf7 Rg1 33. Qd7 Rg2 34. Rxf4 Qxf4 35. Qf5+ Qxf5 36. exf5 Rh2 37. Bd5 Rxh3 38. Bxb7 Kh6 39. Bg2 Rh4 40. Bf3 Kg5 41.
b4 Kxf5 42. b5 e4 43. Bg2 Rh2 44. Kf1 Ke5 45. b6 Kd6 46. b7 Kc7 47. Bxe4 Rh4 48. Bd5 Ra4 49. c4 Ra3 50. Kg2 g5 51. f3 Rb3 52.
Kg3 Rb4 53. Kf2 Rb2+ 54. Ke3 h4 55. f4 gxf4+ 56. Kxf4 h3 57. Kg3 h2 58. Kh3 Kd6 59. Kg3 Kc7 60. Kh3 Rb1 61. Kxh2 Rxb7 62. Bxb7 Kxb7 63.
Kg3 Kc6 64. Kf3 Kc5 65. Ke3 Kxc4 1/2-1/2

[Event "Late-Titled-Tuesday-Blitz-July-09-2024"]
[Site "Chess.com"]
[Date "2024.07.09"]
[Round "11"]
[White "GHANDEEVAM2003"]
[Black "VladimirKramnik"]
[Result "1-0"]
[WhiteElo "3180"]
[BlackElo "2985"]
[TimeControl "180+1"]
[EndTime "16:06:23 PDT"]
[Termination "GHANDEEVAM2003 won on time"]

1. e4 e6 2. d3 d5 3. Qe2 c5 4. g3 Nc6 5. Bg2 Nf6 6. Nf3 Be7 7. O-O O-O 8. e5 Nd7 9. c4 dxc4 10. dxc4 Nd4 11. Nxd4 cxd4 12. Rd1 Qc7 13. Rxd4 Qxe5 14. Qxe5 Nxe5 15. Nc3 Rd8 16. Rxd8+ Bxd8 17. b3 Nc6 18.
Ne4 f5 19. Nc5 Bf6 20. Rb1 Bd4 21. Be3 Bxe3 22. fxe3 Kf8 23. e4 g6 24. exf5 gxf5 25.
Kf2 Ke7 26. Ke3 Rb8 27. Bxc6 bxc6 28. Kf4 Kf6 29. Re1 a5 30. h3 h5 31. Re5 Ra8 32.
Re3 Ra7 33. Re5 Rg7 34. Re1 h4 35. gxh4 Rh7 36. Rd1 e5+ 37. Kf3 Ke7 38. Kg3 f4+ 39.
Kf3 Rxh4 40. Ke4 Bxh3 41. Kxe5 f3 42. Nd3 Bc8 43. Nf2 Rh2 44. Rd2 c5 45. Kf4 Bb7 46. Ke3 Rh6 47. Nd3 Re6+ 48. Kf2 Rg6 49. Nxc5 Rg2+ 50. Ke3 Bc6 51. Nd3 Rxd2 52. Kxd2 Kf6 53.
Ke3 Kg5 54. Kd4 Kg4 55. Ke3 Kf5 56. a3 Kf6 57. Ne1 Ke5 58. Nxf3+ Kd6 59. Nd2 1-0

[Event "Late-Titled-Tuesday-Blitz-July-09-2024"]
[Site "Chess.com"]
[Date "2024.07.09"]
[Round "11"]
[White "gamboajp"]
[Black "Fjal"]
[Result "1-0"]
[WhiteElo "2204"]
[BlackElo "2375"]
[TimeControl "180+1"]
[EndTime "16:06:23 PDT"]
[Termination "gamboajp won by resignation"]

1. c4 e5 2. Nc3 g6 3. g3 Bg7 4. Bg2 d6 5. d3 f5 6. e4 Ne7 7. Nge2 c6 8. O-O O-O 9. Be3 Nd7 10. Qd2 Nf6 11. h3 Nh5 12. exf5 Nxf5 13. Bg5 Nf6 14. g4 Ne7 15. d4 exd4 16. Nxd4 Qb6 17. Nb3 Qb4 18. Rae1 Rf7 19. Rxe7 Rxe7 20. Bxf6 Bxf6 21. Nd5 Qxd2 22. Nxe7+ Bxe7 23. Nxd2 Be6 24. b3 Bf6 25. Ne4 Bd4 26. Nxd6 Rb8 27. Re1 Bf7 28.
Re7 Bc5 29. Rxf7 Bxd6 30. Rd7 Bc5 31. Bf3 Rf8 32. Kg2 Rf7 33. Rxf7 Kxf7 34. Be4 Kf6 35.
Kf3 Ke5 36. Bb1 Kd4 37. h4 Kc3 38. Be4 Kb2 39. h5 gxh5 40. gxh5 h6 41. Bf5 Kxa2 42. Bc8 b5 43. cxb5 cxb5 44. b4 Bxb4 45. Ba6 Kb3 46. Bxb5 a5 47. Ke4 a4 48. f4 a3 49. Bc6 a2 50. Bd5+ Kb2 51. Bxa2 Kxa2 52. Ke5 Kb3 53. f5 Kc4 54. Kf6 Kd5 55. Kg6 Bf8 56.
Kf7 Bc5 57. Kg7 Ke4 58. f6 Bd4 59. Kg6 Kf4 60. f7 Bc5 61. Kxh6 Kf5 62. Kg7 Bd4+ 63.
Kg8 Bc5 64. h6 Kg6 65. h7 Bd4 66. f8=Q 1-0

[Event "Late-Titled-Tuesday-Blitz-July-09-2024"]
[Site "Chess.com"]
[Date "2024.07.09"]
[Round "11"]
[White "mac0504"]
[Black "Kirill_Klukin"]
[Result "1/2-1/2"]
[WhiteElo "2790"]
[BlackElo "2919"]
[TimeControl "180+1"]
[EndTime "16:06:25 PDT"]
[Termination "Game drawn by 50-move rule"]

1. c4 c5 2. Nc3 g6 3. g3 Bg7 4. Bg2 Nc6 5. Nf3 a6 6. O-O Rb8 7. a4 e6 8. e3 Nge7 9. d4 cxd4 10.
Nxd4 O-O 11. b3 d5 12. Ba3 Nxd4 13. exd4 dxc4 14. bxc4 Re8 15. Ne4 Nf5 16. d5 b5 17.
axb5 axb5 18. dxe6 Bxe6 19. cxb5 Bd5 20. Qxd5 Qxd5 21.
Nf6+ Bxf6 22. Bxd5 Bxa1 23. Rxa1 Nd4 24. Bb2 Rxb5 25.
Bxf7+ Kxf7 26. Bxd4 Re7 27. Be3 Rd7 28. h4 Rbd5 29. Kg2 Ke6 30. Kf3 Rf5+ 31. Kg2 Rfd5 32.
Ra6+ R5d6 33. Ra8 Rc6 34. Re8+ Kd5 35. Rh8 Kc4 36. Bf4 Kd3 37. Re8 Rc2 38. Re3+ Kc4 39. Re4+ Kb5 40. Re5+ Rc5 41. Re6 Rc6 42. Re8 Rc3 43.
Re5+ Kc4 44. Re4+ Kb3 45. Re6 Rcd3 46. Rb6+ Kc4 47. Rc6+ Kd5 48. Rc8 Ke6 49. Re8+ Kf7 50. Re2 Re7 51. Ra2 Rd5 52. Be3 Red7 53. Bf4 Rb5 54.
Be3 Rdb7 55. Ra8 Ke6 56. Re8+ Re7 57. Rh8 Kf5 58. Rf8+ Ke4 59. Rf4+ Kd3 60. Rd4+ Ke2 61. Rd2+ Ke1 62. Ra2 Rd5 63. Kf3 Rf7+ 64. Kg2 Kd1 65. Bf4 Rfd7 66. Be3 Rb7 67. Kf3 Rf7+ 68. Kg2 Rb5 69.
Bf4 Rc5 70. Be3 Rc2 71. Ra1+ Ke2 72. Bd4 Re7 73. Be3 Kd3 74. Ra3+ Kc4 75. Kf3 Rf7+ 76. Kg2 Rc3 77. Ra2 Kd5 78. Rd2+ 1/2-1/2

[Event "Late-Titled-Tuesday-Blitz-July-09-2024"]
[Site "Chess.com"]
[Date "2024.07.09"]
[Round "11"]
[White "Zhigalko_Sergei"]
[Black "Individoom"]
[Result "1-0"]
[WhiteElo "2914"]
[BlackElo "2757"]
[TimeControl "180+1"]
[EndTime "16:06:25 PDT"]
[Termination "Zhigalko_Sergei won on time"]

1. e4 e6 2. d4 d5 3. Nd2 dxe4 4. Nxe4 Bd7 5. Nf3 Bc6 6. Bd3 Nd7 7. O-O Ngf6 8. Ng3 g6 9. b3 Bg7 10. Ba3 Bf8 11. Bb2 Bg7 12. Nd2 O-O 13. Re1 b6 14. c4 Bb7 15. Be2 c5 16. Bf3 Bxf3 17. Nxf3 cxd4 18. Bxd4 Qc7 19. Qe2 Rad8 20. Rad1 Nc5 21. h3 Rfe8 22. Qb2 Qe7 23. b4 Ncd7 24. a3 Rc8 25.
Rc1 Red8 26. Ne4 Nxe4 27. Bxg7 Nd6 28. Bh6 f6 29. Qe2 e5 30. Be3 Nf5 31. Nd2 Nf8 32. c5 Nxe3 33. Qxe3 bxc5 34. bxc5 Ne6 35. Ne4 Kg7 36.
g3 Rc7 37. h4 Rd5 38. Red1 Rxd1+ 39. Rxd1 Nxc5 40. Nc3 Rd7 41. Rxd7 Nxd7 42. Qxa7 Kf7 43. Ne4 h6 44. a4 f5 45. Nc3 Nc5 46. Qxe7+ Kxe7 47. a5 Kd6 48. f3 Kc6 49. Kf2 Nb3 50. a6 Kb6 51. Nd5+ Kxa6 52. Ne7 g5 53. h5 Nd4 54. Ng8 e4 55. fxe4 fxe4 56. Nxh6 Ne6 57. Ng4 Kb5 58.
Ke3 Ng7 59. h6 Nf5+ 60. Kxe4 Nxg3+ 61. Ke5 Nh5 62. h7 Nf4 63. Kf6 Nd5+ 64. Kf7 1-0

[Event "Late-Titled-Tuesday-Blitz-July-09-2024"]
[Site "Chess.com"]
[Date "2024.07.09"]
[Round "11"]
[White "subham777"]
[Black "AlexTruskavetsky"]
[Result "1/2-1/2"]
[WhiteElo "2572"]
[BlackElo "2704"]
[TimeControl "180+1"]
[EndTime "16:06:26 PDT"]
[Termination "Game drawn - insufficient material"]

1. e4 c5 2. Nf3 Nc6 3. Bb5 g6 4.
c3 Bg7 5. O-O Nf6 6. Re1 O-O 7.
d4 cxd4 8. cxd4 d6 9. Nc3 Bg4 10.
Be3 a6 11. Bxc6 bxc6 12. h3 Be6 13. Qd2 d5 14. e5 Ne4 15. Nxe4 dxe4 16. Ng5 Bd5 17.
Bf4 Qb6 18. Nxe4 Bxe4 19. Rxe4 Rfd8 20. Be3 Rd5 21. Qc2 a5 22. Rc1 Rc8 23. b3 Qb4 24.
Bd2 Qb7 25. Qc4 h5 26. Re2 Qd7 27. Be3 f6 28. exf6 Bxf6 29. a3 Kg7 30. b4 axb4 31.
axb4 Qd6 32. b5 Rxb5 33. Qxb5 cxb5 34. Rxc8 b4 35. Rc1 b3 36. Rb1 e5 37. d5 e4 38.
Rxb3 Qxd5 39. Rb1 Bc3 40. Rc1 Be5 41. Rec2 Bb8 42. Rc5 Qd6 43. g3 Qe6 44. Rc8 Be5 45.
h4 Qg4 46. R8c5 Bxg3 47. Rg5 Bxf2+ 48. Kxf2 Qf3+ 49. Ke1 Qxe3+ 50. Kd1 Qd3+ 51. Ke1 e3 52. Rd1 Qe4 53. Ke2 Qxh4 54. Rg2 Qe4 55. Rdg1 Kh6 56.
Rxg6+ Qxg6 57. Rxg6+ Kxg6 58. Kxe3 Kg5 59. Kf2 Kh4 60.
Kg1 Kg3 61. Kh1 Kh3 62. Kg1 Kg3 63. Kh1 h4 64. Kg1 Kh3 65. Kh1 Kg3 66. Kg1 Kf3 67. Kh2 Kg4 68. Kg2 Kg5 69. Kh3 Kh5 70. Kh2 Kg5 71. Kh1 Kh6 72. Kg1 Kh5 73. Kh1 h3 74. Kh2 Kh4 75. Kh1 Kg3 76. Kg1 Kf3 77.
Kh1 Ke4 78. Kh2 Kd4 79. Kxh3 1/2-1/2

[Event "Late-Titled-Tuesday-Blitz-July-09-2024"]
[Site "Chess.com"]
[Date "2024.07.09"]
[Round "11"]
[White "i_like_explosions"]
[Black "jk13"]
[Result "1/2-1/2"]
[WhiteElo "2569"]
[BlackElo "2672"]
[TimeControl "180+1"]
[EndTime "16:06:26 PDT"]
[Termination "Game drawn - insufficient material"]

1. d4 Nf6 2. Bg5 Ne4 3. Bf4 Nc6 4. f3 Nf6 5. e4 d5 6. e5 Nd7 7. Qd2 Nb6 8. c3 Bf5 9. Bd3 Bxd3 10. Qxd3 e6 11.
Nd2 Be7 12. Ne2 Qd7 13. O-O O-O 14. a4 f6 15. exf6 Bxf6 16. a5 Nc8 17. b4 e5 18.
dxe5 Nxe5 19. Bxe5 Bxe5 20. Nd4 Nd6 21. Rae1 Rae8 22.
g3 c6 23. f4 Bf6 24. Kf2 h5 25. Rxe8 Rxe8 26. Re1 Rxe1 27. Kxe1 Qh3 28. Qe2 h4 29.
Qf2 hxg3 30. hxg3 a6 31. Ne2 Qf5 32. Qc5 Ne4 33. Nxe4 Qxe4 34. Kd2 Kf7 35. Qd6 Qe7 36. Qxe7+ Kxe7 37. g4 Kd6 38. g5 Bd8 39. Nd4 g6 40. Ke3 b6 41. axb6 Bxb6 42. f5 gxf5 43. Kf4 Bd8 44. Nxf5+ Ke6 45. Nd4+ Kd6 46. Kf5 Be7 47. g6 Bf8 48. Ne6 Bh6 49. Ng5 Ke7 50. Nf7 Bg7 51. Ne5 Kd6 52. Nf7+ Ke7 53. Ne5 Kd6 54.
Nf7+ Kc7 55. Ne5 c5 56. bxc5 a5 57. Nd3 a4 58. Ke6 a3 59. Nc1 Kc6 60. Kf7 Bxc3 61. g7 Bxg7 62. Kxg7 d4 63. Kf6 Kxc5 64. Ke5 Kc4 65. Ke4 d3 66. Ke3 Kc3 67. Na2+ Kc2 68. Nb4+ Kb1 69. Kxd3 Kb2 70. Kc4 Kb1 71. Kc3 Ka1 72.
Kb3 a2 73. Nxa2 1/2-1/2

[Event "Late-Titled-Tuesday-Blitz-July-09-2024"]
[Site "Chess.com"]
[Date "2024.07.09"]
[Round "11"]
[White "TheAlienParty"]
[Black "Proteuo"]
[Result "0-1"]
[WhiteElo "2321"]
[BlackElo "2443"]
[TimeControl "180+1"]
[EndTime "16:06:30 PDT"]
[Termination "Proteuo won on time"]

1. e4 e5 2. Nf3 Nc6 3. Bb5 a6 4. Bxc6 dxc6 5. d4 exd4 6. Qxd4 Qxd4 7. Nxd4 Bd7 8. O-O O-O-O 9. Bf4 c5 10. Nb3 b6 11. Nc3 Ne7 12. Nd2 Ng6 13. Bg3 Bc6 14. Nf3 Bd6 15. Ng5 Rd7 16. Rad1 h6 17. e5 Nxe5 18.
Bxe5 hxg5 19. Bg3 f5 20. f4 gxf4 21. Bxf4 Bxf4 22. Rxf4 g6 23. Re1 Rd2 24. Rf2 Rhd8 25. Ree2 R2d4 26. h3 b5 27. Re6 R8d6 28. Re1 b4 29.
Ne2 Re4 30. Rf4 Rde6 31. Rxe4 Rxe4 32. Kf2 a5 33. g3 a4 34. a3 Rc4 35. c3 Be4 36.
Rc1 b3 37. Nf4 g5 38. Ng6 Bc2 39. Ne5 Re4 40. Re1 f4 41. Rxe4 Bxe4 42. Nf7 fxg3+ 43. Kxg3 Kd7 44. Nxg5 Bc2 45. Kf4 Ke7 46. h4 c6 47.
Ke5 Kf8 48. h5 Kg7 49. Kd6 Kh6 50. Ne6 Kxh5 51. Kxc6 c4 52. Kc5 Bd3 53. Nd8 Kg4 54. Kb4 Kf3 55. Nf7 Ke2 56. Ne5 Kd2 57. Nxc4+ Bxc4 58. Kxc4 Kc2 59. Kd4 Kxb2 60. c4 Kxa3 61. c5 b2 62. c6 b1=Q 63. c7 Qc1 64. c8=Q Qxc8 0-1

[Event "Late-Titled-Tuesday-Blitz-July-09-2024"]
[Site "Chess.com"]
[Date "2024.07.09"]
[Round "11"]
[White "Bugcrusher"]
[Black "luggevoila"]
[Result "0-1"]
[WhiteElo "2487"]
[BlackElo "2370"]
[TimeControl "180+1"]
[EndTime "16:06:31 PDT"]
[Termination "luggevoila won by resignation"]

1. e4 e5 2. Nf3 Nc6 3. Bb5 Nge7 4.
O-O Ng6 5. d4 exd4 6. Nxd4 Bc5 7. Be3 Nxd4 8. Bxd4 Bxd4 9. Qxd4 Qg5 10. Be2 Nf4 11. Bf3 Qxg2+ 12. Bxg2 Ne2+ 13. Kh1 Nxd4 14. Na3 O-O 15. Rad1 Ne6 16. e5 Rb8 17. f4 b5 18.
f5 Nc5 19. Rd5 Na4 20. Rxb5 Rxb5 21. Nxb5 Ba6 22. c4 c6 23. Nd6 Nxb2 24. Rf4 Nd3 25.
Rf3 Nxe5 26. Ra3 Nxc4 27. Nxc4 Bxc4 28. Rxa7 d5 29. Rc7 Bb5 30. Ra7 h5 31. a4 Re8 32.
axb5 Re1+ 33. Bf1 Rxf1+ 34. Kg2 Rc1 35. b6 Rb1 36. b7 Kh7 37. f6 gxf6 38. Kf3 c5 39.
Ke3 Rb3+ 40. Kd2 Kg6 41. Kc2 Rb6 42. Ra5 Rxb7 43. Rxc5 Rd7 44. Kd3 Kf5 45. Kd4 Ke6 46. Rc6+ Rd6 47. Rc8 Rd7 48. Rc6+ Kf5 49. Rc8 Kg4 50.
Rg8+ Kh3 51. Rh8 h4 52. Rh6 f5 53. Rf6 Kxh2 54. Rxf5 Kg3 55. Rg5+ Kf4 56. Rh5 Kg4 57.
Rh8 f5 58. Rg8+ Kf3 59. Rh8 Kg3 60. Rg8+ Kf3 61. Rh8 Kg3 62. Rg8+ Kh3 63. Rf8 Kg4 64. Rg8+ Kh5 65. Rh8+ Kg5 66. Rg8+ Kf6 67. Rh8 Kg5 68. Rg8+ Kh6 69. Rh8+ Rh7 70. Rf8 Kg5 71. Rg8+ Kf4 72.
Kxd5 h3 73. Rg1 h2 74. Rh1 Kg3 75. Ke5 Kg2 0-1

[Event "Late-Titled-Tuesday-Blitz-July-09-2024"]
[Site "Chess.com"]
[Date "2024.07.09"]
[Round "11"]
[White "Bkmzzzzz"]
[Black "ernestina08chess"]
[Result "0-1"]
[WhiteElo "2402"]
[BlackElo "2319"]
[TimeControl "180+1"]
[EndTime "16:06:32 PDT"]
[Termination "ernestina08chess won by resignation"]

1. e4 c5 2. Nf3 d6 3. d4 cxd4 4. Qxd4 a6 5. Be3 Nc6 6. Qb6 Qxb6 7. Bxb6 Bg4 8. Nc3 Bxf3 9. gxf3 e6 10. O-O-O Be7 11.
Bc7 Kd7 12. Bb6 Ke8 13. Be2 Rc8 14. Kb1 Nf6 15. f4 Nd7 16. Na4 Nxb6 17. Nxb6 Rd8 18. Bf3 Bf6 19. Nc4 Ke7 20. e5 dxe5 21. Bxc6 bxc6 22.
fxe5 Bg5 23. b3 Bf4 24. h3 f6 25. exf6+ gxf6 26. Rhe1 Rxd1+ 27. Rxd1 Rg8 28. Nb6 Bd6 29.
c4 c5 30. Kc2 Rb8 31. Na4 Rg8 32. Nb6 h5 33. Rd2 f5 34. Kd1 Bf4 35. Rd7+ Kf6 36. Rh7 Kg6 37. Ra7 Kf6 38. Nd7+ Kg5 39. Nxc5 e5 40. Rxa6 Kh4 41. Ke2 Kxh3 42. Nd3 Bh2 43.
Rh6 h4 44. Ne1 e4 45. c5 f4 46. f3 e3 47. c6 Bg3 48. Nd3 Kg2 49. c7 h3 50. Rg6 Rc8 51. Nxf4+ Kh2 52. Nh5 Bd6 53.
Kxe3 Bxc7 54. f4 Kh1 55. Kf2 Bb6+ 56. Kf3 Rc3+ 57. Kg4 Bg1 58. Ng3+ Kh2 59. Nf1+ Kg2 60. f5 Kxf1 61. f6 h2 62. Rh6 Rc2 63. f7 Rf2 64. b4 Kg2 65. b5 h1=Q 66. a4 Rxf7 67. Rxh1 Kxh1 68. Kg5 Bb6 0-1

[Event "Late-Titled-Tuesday-Blitz-July-09-2024"]
[Site "Chess.com"]
[Date "2024.07.09"]
[Round "11"]
[White "Vladimir_2020"]
[Black "mbojan"]
[Result "0-1"]
[WhiteElo "2777"]
[BlackElo "2926"]
[TimeControl "180+1"]
[EndTime "16:06:38 PDT"]
[Termination "mbojan won on time"]

1. e4 c5 2. Nf3 e6 3. c4 Nc6 4. d4 cxd4 5. Nxd4 Bc5 6. Nb3 Bb4+ 7.
Bd2 a5 8. Bxb4 axb4 9. N1d2 Nf6 10. Be2 O-O 11. O-O d6 12. Re1 b6 13. Bf1 Bb7 14.
Nf3 Qc7 15. Nfd4 Nxd4 16. Qxd4 e5 17. Qd3 Qc6 18. f3 Rfd8 19. Qd2 Ra4 20. Nc1 Rda8 21. b3 Qc5+ 22. Qf2 Ra3 23. Rb1 Kf8 24. Rb2 Qxf2+ 25.
Kxf2 Nd7 26. Rd1 Ke7 27. Rdd2 Nc5 28. Nd3 Nxd3+ 29. Bxd3 Bc6 30. Ke3 R3a5 31. h4 g6 32. g3 Rf8 33. Rh2 f5 34. exf5 gxf5 35. f4 Rg8 36. Rh3 Kf6 37. h5 h6 38. Be2 Ra7 39.
Bf3 e4 40. Bd1 Rag7 41. Kf2 e3+ 42. Kxe3 Rxg3+ 43. Rxg3 Rxg3+ 44. Kd4 Be4 45. Rd2 Rh3 46. Be2 Ke6 47. Bd1 Rg3 48. Be2 Rh3 49. Bd1 Kd7 50. Be2 Kc6 51. Bd1 Rg3 52. Be2 Kc7 53. Bd1 Rh3 54. Be2 Kd7 55. Bd1 Kd8 56. Be2 Ke8 57. Bd1 Kf7 58. Be2 Kf6 59. Bd1 Ke6 60. Be2 Rc3 61. Bd1 Rc1 62. Be2 Ra1 63. Bd1 Bb1 64. Bf3 Rxa2 65. Rxa2 Bxa2 66. Bd1 Bb1 67. Ke3 d5 68.
cxd5+ Kxd5 69. Be2 Kc5 70. Bc4 Bc2 0-1

[Event "Late-Titled-Tuesday-Blitz-July-09-2024"]
[Site "Chess.com"]
[Date "2024.07.09"]
[Round "11"]
[White "dodorox"]
[Black "Ninocanina"]
[Result "1-0"]
[WhiteElo "2174"]
[BlackElo "1958"]
[TimeControl "180+1"]
[EndTime "16:06:44 PDT"]
[Termination "dodorox won by resignation"]

1. d4 d5 2. c4 e6 3. Nc3 Nf6 4.
cxd5 exd5 5. Bg5 Be7 6. e3 O-O 7. Bd3 h6 8. Bh4 c6 9. Nf3 Re8 10. O-O Nbd7 11. Rb1 Ne4 12. Bxe7 Qxe7 13. Bxe4 dxe4 14.
Nd2 Nf6 15. b4 Bg4 16. Qc2 Bf5 17. Ne2 Rad8 18. Qc5 Bh7 19. Qxe7 Rxe7 20. Nc4 Nd5 21. b5 cxb5 22. Rxb5 a6 23. Rb2 b5 24. Nd2 Rc8 25. Nb3 Nb6 26. Nc5 Nc4 27. Rb4 Rc6 28. a4 Rb6 29.
Rfb1 Nd6 30. axb5 axb5 31. Nc3 Re8 32. R4b3 f5 33. Nxb5 Nxb5 34. Rxb5 Rxb5 35. Rxb5 Ra8 36. g3 Bg6 37. Ne6 Bh5 38. Rb1 Kf7 39. Nf4 Bf3 40.
Ng2 g5 41. Ne1 Be2 42. Kg2 Ra6 43. h3 Kf6 44. Rb2 Bh5 45. Rd2 Rc6 46. f3 Rc1 47. Re2 exf3+ 48. Nxf3 g4 49. hxg4 Bxg4 50. Rf2 Ke6 51.
Ne5 Kd5 52. Nxg4 fxg4 53. Rf5+ Ke4 54. Rf4+ Kxe3 55. Rxg4 Rc2+ 56. Kh3 Rc1 57. Rh4 Rh1+ 58. Kg4 Rxh4+ 59. Kxh4 Kxd4 60. Kh5 Ke5 61. Kxh6 Kf5 62.
Kh5 Kf6 63. g4 Kg7 64. Kg5 Kh7 65. Kf6 Kg8 66. Kg6 Kh8 67. Kf7 Kh7 68. g5 Kh8 69. Kf6 Kg8 70. Kg6 Kf8 71. Kh7 Kf7 72. g6+ Kf8 73.
g7+ Ke7 74. g8=Q 1-0